 Dungeon Crawl Stone Soup version 0.27.0-1-g7a089689b8 (webtiles) character file.

Game seed: 11634416760721691350

4475 mainiacjoe the Cruncher (level 10, -8/68 HPs)
             Began as a Gargoyle Gladiator on Aug 12, 2021.
             Was a Believer of Dithmenos.
             Mangled by a gnoll sergeant (9 damage)
             ... in a bailey.
             The game lasted 00:21:49 (10296 turns).

mainiacjoe the Cruncher (Gargoyle Gladiator)       Turns: 10296, Time: 00:21:50

Health: -8/68      AC: 15    Str: 21    XL:     10   Next: 38%
Magic:  10/10      EV:  6    Int:  9    God:    Dithmenos [**....]
Gold:   315        SH:  0    Dex: 11    Spells: 9/9 levels left

rFire    . . .     SeeInvis .   S - +3 dire flail (freeze)
rCold    . . .     Faith    .   (shield currently unavailable)
rNeg     + + .     Spirit   .   p - +0 ring mail
rPois    ∞         Reflect  .   c - +0 helmet
rElec    +         Harm     .   H - +1 cloak
rCorr    .         Rampage  .   (no gloves)
Will     .....                  (no boots)
Stlth    +.........             (no amulet)
HPRegen  0.21/turn              E - ring of positive energy
MPRegen  0.12/turn              (no ring)

@: held, wreathed by umbra
A: sickness immunity, AC +7, negative energy resistance 1, electricity
resistance, torment resistance 1, petrification resistance
a: Renounce Religion, Shadow Step


You were in a bailey.
You worshipped Dithmenos.
Dithmenos was pleased with you.
You visited 2 branches of the dungeon, and saw 8 of its levels.
You also visited: Sewer, Ossuary and Bailey.

You collected 315 gold pieces.

Inventory:

Hand Weapons
 a - a +4 quarterstaff of chaos
 b - a +0 shortbow
 S - a +3 dire flail of freezing (weapon)
Missiles
 d - 4 throwing nets {=F}
 h - 153 stones (quivered)
 k - 115 arrows
 r - 13 poisoned darts
 F - 3 silver boomerangs
 I - 5 curare-tipped darts {=F}
Armour
 c - a +0 helmet (worn)
 p - a +0 ring mail (worn)
 H - a +1 cloak (worn)
Jewellery
 E - a ring of positive energy (left hand)
 U - a ring of magical power
Wands
 q - a wand of flame (8)
Scrolls
 f - 2 scrolls of magic mapping
 o - a scroll of teleportation
 v - a scroll of fear {unknown}
 y - a scroll of blinking {unknown}
 G - a scroll of immolation {unknown}
 R - a scroll of fog {unknown}
 T - a scroll of noise {unknown}
Potions
 g - 4 potions of curing
 t - a potion of lignification {unknown}
 u - a potion of invisibility {unknown}
 x - a potion of cancellation {unknown}
 z - 3 potions of flight
 A - a potion of ambrosia {unknown}
 B - 3 potions of attraction {unknown}
 C - a potion of berserk rage {unknown}
 D - a potion of magic {unknown}
 J - 2 potions of resistance {unknown}
 K - a potion of haste {unknown}
 M - a potion of brilliance {unknown}
 O - 3 potions of might
 P - a potion of heal wounds {unknown}


   Skills:
 - Level 10.0 Fighting
 + Level 4.3(8.5) Maces & Flails
 - Level 11.3(11.6) Staves
 - Level 1.7 Throwing
 - Level 2.4 Dodging


You had 9 spell levels left.
You didn't know any spells.
Your spell library contained the following spells:

 Spells                   Type           Power      Damage    Failure   Level
 Magic Dart               Conj           0%         1d3       56%         1
 Summon Small Mammal      Summ           0%         N/A       56%         1
 Blink                    Tloc           N/A        N/A       71%         2
 Call Imp                 Summ           0%         N/A       71%         2
 Corpse Rot               Necr/Air       N/A        N/A       71%         2
 Poisonous Vapours        Pois/Air       0%         N/A       71%         2
 Call Canine Familiar     Summ           0%         N/A       90%         3
 Lesser Beckoning         Tloc           0%         N/A       90%         3
 Mephitic Cloud           Conj/Pois/Air  0%         N/A       90%         3
 Summon Guardian Golem    Hex/Summ       0%         N/A       90%         3
 Freezing Cloud           Conj/Ice/Air   0%         6-21      100%        5
 Manifold Assault         Tloc           0%         N/A       100%        5


Dungeon Overview and Level Annotations

Branches:
Dungeon (7/15)             Temple (1/1) D:5           Sewer (visited)
Ossuary (visited)          Bailey (1/1)

Altars:
Cheibriados
Dithmenos
Elyvilon
Fedhas
Gozag
Kikubaaqudgha
Qazlal
Ru
Sif Muna
Trog
Uskayaw
Wu Jian
Xom
Yredelemnul
Zin

Annotations:
D:3 1 runed translucent door, DemonSlayer's ghost, amateur HuBe
D:4 1 exclusion
D:7 exclusions: downstairs and 2 more exclusions


Innate Abilities, Weirdness & Mutations

You are immune to sickness and miasma.
Your stone body is resilient. (AC +7)
You are immune to poison.
You resist negative energy. (rN+)
You are resistant to electric shocks. (rElec)
You are resistant to unholy torment.
You are immune to petrification.


Message History

The gnoll sergeant is moderately wounded.
The gnoll sergeant hits you from afar with a +0 glaive.
The gnoll throws a throwing net.
The throwing net hits you.
You become entangled in the net!
The gnoll sergeant hits you from afar with a +0 halberd.
You struggle against the net.
The gnoll sergeant completely misses you.
The gnoll hits you from afar with a +0 halberd.
The gnoll sergeant hits you from afar with a +0 halberd!
You struggle against the net.
The gnoll sergeant hits you but does no damage.
The gnoll hits you from afar with a +0 halberd!
* * * LOW HITPOINT WARNING * * *
The gnoll sergeant hits you but does no damage.
You struggle against the net.
The gnoll sergeant hits you from afar with a +0 glaive.
* * * LOW HITPOINT WARNING * * *
The gnoll hits you from afar with a +0 halberd.
* * * LOW HITPOINT WARNING * * *
The gnoll shaman calls upon its god to heal the gnoll sergeant.
The gnoll sergeant is healed somewhat.
The gnoll sergeant hits you from afar with a +0 halberd!
* * * LOW HITPOINT WARNING * * *
You feel better.
The gnoll sergeant hits you from afar with a +0 glaive!
* * * LOW HITPOINT WARNING * * *
The gnoll hits you but does no damage.
The gnoll sergeant hits you but does no damage.
Unknown command.
You struggle against the net.
The gnoll sergeant hits you but does no damage.
The gnoll hits you but does no damage.
The gnoll shaman calls upon its god to heal the gnoll sergeant.
The gnoll sergeant's wounds heal themselves!
The gnoll sergeant hits you from afar with a +0 halberd.
* * * LOW HITPOINT WARNING * * *
As you read the scroll of summoning, it crumbles to dust.
Wisps of shadow whirl around you...
The gnoll sergeant hits you from afar with a +0 glaive!
You die...

..≈≈♣ #..≈.♣
#..≈.♣♣ #..≈..♣
#..≈..♣ . #..≈..♣♣
.. #####..≈...♣♣
.gg#...'......g♣♣♣#
...'...'.....ggo@o#
...#...'.....gg♣♣♣#
.. #####..≈...♣♣ .
#..≈...♣ #..≈...♣
#..≈..♣♣ #..≈.♣♣
#..≈.♣


You could see 2 gnoll sergeants, a gnoll shaman, 2 gnolls, a friendly orc
warrior (summoned) and a friendly orc (summoned).

Vanquished Creatures
  A centaur warrior (D:7)
  A troll (D:6)
  Sigmund (D:6)
  Menkaure (Ossuary)
  A water moccasin (D:6)
  An orc warrior (D:6)
  A sky beast (D:6)
  2 black bears (D:6)
  An ogre (D:3)
  3 necrophages
  A centaur (D:7)
  A phantom (D:7)
  Blork the orc (D:3)
  5 kobold brigands (Sewer)
  2 bullfrogs (D:7)
  A wyvern skeleton (D:7)
  A water moccasin zombie (D:5)
  5 wights
  A howler monkey (D:7)
  2 bullfrog zombies (D:5)
  4 centaur zombies
  4 jellies
  Crazy Yiuf (D:4)
  4 hounds
  2 human zombies (Ossuary)
  A gnoll shaman (D:6)
  3 orc priests
  2 centaur skeletons
  4 iguanas
  Jessica (D:3)
  2 orc wizards
  Terence (D:2)
  2 ogre zombies (Ossuary)
  7 mummies
  A howler monkey zombie (D:6)
  13 adders
  9 gnolls
  2 howler monkey skeletons
  A river rat (Sewer)
  A shadow imp (D:7)
  A white imp (D:7)
  5 adder zombies (Ossuary)
  7 worms
  3 dart slugs
  20 orcs
  5 bats
  14 endoplasms
  5 giant cockroaches
  2 gnoll zombies (Ossuary)
  12 goblins
  5 hobgoblins
  5 quokkas
  13 ball pythons
  6 frilled lizards
  3 goblin zombies (Ossuary)
  A hobgoblin zombie (Ossuary)
  A jackal skeleton (D:4)
  19 kobolds
  6 kobold zombies (Ossuary)
  3 quokka zombies (Ossuary)
  32 rats
  3 rat zombies (Ossuary)
269 creatures vanquished.

Vanquished Creatures (collateral kills)
  A centaur zombie (D:6)
  An adder (D:6)
2 creatures vanquished.

Vanquished Creatures (others)
  7 fungi (D:4)
  5 plants (D:6)
  9 toadstools (D:4)
21 creatures vanquished.

Grand Total: 292 creatures vanquished

Notes
Turn   | Place    | Note
-------+----------+-------------------------------------------
     0 | D:1      | mainiacjoe the Gargoyle Gladiator began the quest for the
                  | Orb.
     0 | D:1      | Reached XP level 1. HP: 12/12 MP: 1/1
    51 | D:1      | Reached XP level 2. HP: 12/18 MP: 2/2
   648 | D:1      | Reached XP level 3. HP: 8/23 MP: 3/3
  1569 | D:2      | Noticed Terence
  1727 | D:2      | Killed Terence
  1728 | D:2      | Reached skill level 4 in Staves
  1728 | D:2      | Reached XP level 4. HP: 10/29 MP: 4/4
  2163 | D:2      | Found a faded altar of an unknown god.
  2644 | D:3      | Noticed an ogre
  2653 | D:3      | Killed an ogre
  2654 | D:3      | Reached XP level 5. HP: 34/34 MP: 5/5
  2735 | D:3      | Noticed Jessica
  2753 | D:3      | Killed Jessica
  2754 | D:3      | Reached skill level 5 in Staves
  2893 | D:3      | Found a runed translucent door.
  2906 | D:3      | Noticed DemonSlayer's ghost (amateur HuBe)
  3009 | D:3      | Reached XP level 6. HP: 39/40 MP: 6/6
  3340 | D:4      | Noticed Blork the orc
  3365 | D:3      | Killed Blork the orc
  3366 | D:3      | Reached skill level 5 in Fighting
  3517 | D:4      | Found a runed translucent door.
  3547 | D:4      | Found a sand-covered staircase.
  3551 | D:4      | HP: 1/40 [mummy (15)]
  3844 | Ossuary  | Entered an ossuary
  3922 | Ossuary  | Reached skill level 6 in Staves
  3954 | Ossuary  | Reached XP level 7. HP: 39/44 MP: 7/7
  3993 | Ossuary  | Noticed Menkaure
  4006 | Ossuary  | Killed Menkaure
  4449 | Ossuary  | Reached skill level 7 in Staves
  5062 | D:4      | Reached XP level 8. HP: 43/52 MP: 8/8
  5587 | D:4      | Noticed Crazy Yiuf
  6313 | D:4      | Killed Crazy Yiuf
  6434 | D:5      | Entered Level 5 of the Dungeon
  6435 | D:5      | Found a glowing drain.
  6464 | D:5      | Reached skill level 8 in Staves
  6496 | D:5      | Found a staircase to the Ecumenical Temple.
  6585 | Sewer    | Entered a sewer
  7391 | Sewer    | Reached skill level 9 in Staves
  7472 | Temple   | Entered the Ecumenical Temple
  7664 | Temple   | Became a worshipper of Dithmenos the Shadowed
  7968 | D:5      | Found a basalt altar of Yredelemnul.
  7977 | D:5      | Reached XP level 9. HP: 58/58 MP: 9/9
  8371 | D:6      | Noticed Sigmund
  8399 | D:6      | Killed Sigmund
  8690 | D:6      | Reached skill level 10 in Staves
  8855 | D:6      | Noticed a troll
  8862 | D:6      | Killed a troll
  8889 | D:6      | Reached * piety under Dithmenos
  9036 | D:6      | Found a blossoming altar of Fedhas.
  9533 | D:6      | Reached skill level 11 in Staves
  9608 | D:7      | Reached XP level 10. HP: 34/66 MP: 10/10
  9678 | D:7      | Reached skill level 1 in Maces & Flails
  9835 | D:7      | Reached ** piety under Dithmenos
  9876 | D:7      | Found a shimmering blue altar of Sif Muna.
  9906 | D:7      | Noticed a centaur warrior
  9913 | D:7      | Killed a centaur warrior
  9914 | D:7      | Reached skill level 10 in Fighting
 10062 | D:7      | Found a flagged portal.
 10084 | Bailey   | Entered a bailey
 10293 | Bailey   | HP: 2/68 [gnoll sergeant (8)]
 10296 | Bailey   | Mangled by a gnoll sergeant

Illustrated notes

Levels and vault maps discovered:
D:1:      psy_arrival_radial01, layout_rooms, minmay_tetromino_o4
D:2:      layout_rooms, basic_ecumenical_altar, hex_tiny, uniq_terence
D:3:      layout_rooms, ebering_ghost_sewer_d, minmay_misc_feat_doors,
          minmay_rat_hole, uniq_jessica
D:4:      cheibrodos_fertilizer, layout_layer_cave, gup_ossuary_entry_pyramid,
          uniq_crazy_yiuf_cottage, uniq_blork_the_orc
D:5:      layout_basic, lemuel_zombie_altar_yredelemnul,
          minmay_temple_entry_wispy, cheibrodos_sewer_entry_drain,
          serial_bayou_pond_e, uniq_menkaure
D:6:      layout_basic, fedhas_ov_isle_minmay, uniq_sigmund
D:7:      nzn_winding_woodlands_medium [nzn_winding_woodlands_5x5_perimeter,
          nzn_winding_woodlands_5x15_split_checker,
          nzn_winding_woodlands_5x5_open_star,
          nzn_winding_woodlands_5x5_checkerboard,
          nzn_winding_woodlands_center_diamonds,
          nzn_winding_woodlands_5x5_three, nzn_winding_woodlands_5x5_cross,
          nzn_winding_woodlands_5x15_sawtooth,
          nzn_winding_woodlands_5x5_default], layout_basic,
          lemuel_blue_sif_altar, amcnicky_altar_gilded, enter_bailey_7
Temple:   minmay_temple_bridge_abc
Bailey:   bailey_polearm_gnolls_kennysheep, bailey

Skill      XL: |  1  2  3  4  5  6  7  8  9 10 |
---------------+-------------------------------+-----
Fighting       | 3 4 5 6 7 9 10 | 10.0
Staves         | 4 5 6 7 9 11 | 11.3
Maces & Flails | 4 |  4.3
Throwing       | |  1.7
Dodging        | |  2.4

Action                   |  1- 3 |  4- 6 |  7- 9 | 10-12 || total
-------------------------+-------+-------+-------+-------++-------
Melee: Quarterstaff      |   126 |   191 |   409 |    78 ||   804
       Dire flail        |       |       |       |    18 ||    18
 Fire: Hunting sling     |     9 |    16 |    28 |       ||    53
       Shortbow          |       |       |    30 |     3 ||    33
Throw: Stone             |    65 |    53 |   157 |    11 ||   286
       Throwing net      |       |       |     3 |       ||     3
Evoke: Wand              |       |       |    12 |     1 ||    13
  Use: Scroll            |       |       |     7 |     3 ||    10
       Potion            |       |       |       |     1 ||     1
 Stab: Held in net/web   |       |       |     2 |       ||     2
       Paralysed         |       |       |     1 |       ||     1
Armor: Leather armour    |    46 |       |       |       ||    46
       Chain mail        |       |    16 |       |       ||    16
       Ring mail         |       |    52 |   194 |    64 ||   310
Dodge: Dodged            |    90 |    78 |   222 |    76 ||   466
